 Dungeon Crawl Stone Soup version 0.31-a0-229-g1fc7ce93e2 (webtiles) character file.

Game seed: 7442393226570349062

34 qw the Shooter (level 3, 0/21 HPs)
             Began as a Gargoyle Hexslinger on July 6, 2023.
             Slain by Terence
             ... wielding a +0 hand axe
              (3 damage)
             ... on level 2 of the Dungeon.
             The game lasted 00:00:23 (910 turns).

qw the Shooter (Gargoyle Hexslinger)                 Turns: 910, Time: 00:00:24

Health: 0/21       AC:  6    Str: 11    XL:     3   Next: 31%
Magic:  4/4        EV: 11    Int: 13    God:
Gold:   30         SH:  0    Dex: 14    Spells: 3/4 levels left

rFire   . . .        Y - +1 sling
rCold   . . .        (no shield)
rNeg    + . .        d - +0 leather armour
rPois   inf          (no helmet)
rElec   +            (no cloak)
rCorr   .            (no gloves)
SInv    .            (no boots)
Will    .....        (no amulet)
Stlth   +            (no ring)
HPRegen 0.23/turn    (no ring)
MPRegen 0.09/turn

%: no passive effects
@: about to teleport
A: sickness immunity, AC +3, negative energy resistance 1, electricity
resistance, torment resistance 1, petrification resistance
a: no special abilities


You were on level 2 of the Dungeon.
You visited 1 branch of the dungeon, and saw 2 of its levels.

You collected 30 gold pieces.


Innate Abilities, Weirdness & Mutations

You are immune to sickness and miasma.
Your stone body is resilient. (AC +3)
You are immune to poison.
You resist negative energy. (rN+)
You are resistant to electric shocks. (rElec)
You are resistant to unholy torment.
You are immune to petrification.


   Skills:
 - Level 2.0 Fighting
 + Level 3.2 Ranged Weapons
 - Level 1.5 Dodging
 - Level 1.0 Spellcasting
 - Level 2.6 Hexes


You had 3 spell levels left.
You knew the following spells:

 Your Spells              Type           Power      Damage    Failure   Level
a - Slow                  Hex            28%        N/A       12%         1

Your spell library contained the following spells:

 Spells                   Type           Power      Damage    Failure   Level
 Inner Flame              Hex/Fire       4%         N/A       54%         3
 Portal Projectile        Hex/Tloc       8%         N/A       54%         3
 Cause Fear               Hex            3%         N/A       77%         4

Inventory:

Hand Weapons
 Y - a +1 sling (weapon)
Armour
 d - a +0 leather armour (worn)

Dungeon Overview and Level Annotations

Branches:
Dungeon (2/15)

Altars:

Shops:
D:1 [

Annotations:
D:2 Sigmund, Terence


Message History

A bat comes into view.
The endoplasm barely misses you. Terence hits you with a +0 hand axe.
The bat moves out of view.
You shoot a sling bullet. The sling bullet hits Terence.
Terence is heavily wounded.
The endoplasm closely misses you. Terence barely misses you.
You shoot a sling bullet. The sling bullet barely misses Terence.
The endoplasm freezes you.
You are frozen.
Terence closely misses you. The endoplasm freezes you.
You are frozen.
Terence hits you with a +0 hand axe.
Sigmund the Dreaded comes into view.
He is wielding a +0 scythe.
You shoot a sling bullet.
Sigmund shouts!
The sling bullet hits Terence but does no damage.
Terence is heavily wounded.
The endoplasm hits you. Terence misses you.
You shoot a sling bullet. The sling bullet barely misses Terence.
The endoplasm barely misses you. Terence barely misses you.
You shoot a sling bullet. The sling bullet hits Terence.
Terence is severely wounded.
The endoplasm freezes you.
You are frozen.
Terence hits you with a +0 hand axe.
908 ||| READING scroll of teleportation.
As you read the scroll of teleportation, it crumbles to dust.
You feel strangely unstable. The endoplasm closely misses you.
Terence hits you but does no damage.
You shoot a sling bullet. The sling bullet hits Terence.
Terence is almost dead.
Terence hits you but does no damage.
The endoplasm jiggles.
The endoplasm freezes you.
You are frozen.
Terence closely misses you.
The endoplasm hits you but does no damage.
You shoot a sling bullet.
The sling bullet hits Terence but does no damage.
Terence is almost dead.
The endoplasm hits you but does no damage.
Terence hits you with a +0 hand axe.
You die...

.# . ##.# ...
#..# ?...###
###.#
...@bgJ#####...##
#@@..#.....##
####........#
##.......#
#.......#
##..)<.##
##.....##
#..(....#
#.......#
#.......#


You could see Sigmund, Terence, an endoplasm, a goblin and a bat.

Vanquished Creatures
  3 dart slugs (D:1)
  4 endoplasms (D:1)
  7 goblins
  2 hobgoblins (D:1)
  A kobold (D:1)
  3 quokkas (D:1)
  2 frilled lizards (D:1)
  A rat (D:1)
23 creatures vanquished.

Notes
Turn   | Place    | Note
-------+----------+-------------------------------------------
     0 | D:1      | qw the Gargoyle Hexslinger began the quest for the Orb.
     0 | D:1      | Reached XP level 1. HP: 12/12 MP: 2/2
     0 | D:1      | 0 ||| qw: Version: 0.3-a-46-gb1f654a
     0 | D:1      | 0 ||| qw: Game counter: 1644
     0 | D:1      | 0 ||| qw: Melee chars always use a shield: true
     0 | D:1      | 0 ||| qw: God list: Okawaru
     0 | D:1      | 0 ||| qw: Allow faded altars: false
     0 | D:1      | 0 ||| qw: Do Orc after clearing Dungeon:15 true
     0 | D:1      | 0 ||| qw: Do second Lair branch before Depths: true
     0 | D:1      | 0 ||| qw: Lair rune preference: random
     0 | D:1      | 0 ||| qw: Goals: Normal
     0 | D:1      | 0 ||| PLANNING D:1-11
   126 | D:1      | Reached XP level 2. HP: 10/16 MP: 3/3
   391 | D:1      | 391 ||| FLEEEEING.
   392 | D:1      | 392 ||| FLEEEEING.
   406 | D:1      | 406 ||| FLEEEEING.
   410 | D:1      | 410 ||| FLEEEEING.
   412 | D:1      | Reached skill level 3 in Ranged Weapons
   462 | D:1      | Found Daduugech's Antique Armour Shop.
   466 | D:1      | 466 ||| SHOPLISTING glowing robe (85 gold, have 30).
   466 | D:1      | 466 ||| SHOPLISTING glowing scarf (184 gold, have 30).
   466 | D:1      | 466 ||| SHOPLISTING pair of gloves (103 gold, have 30).
   466 | D:1      | 466 ||| SHOPLISTING ring mail (92 gold, have 30).
   466 | D:1      | 466 ||| SHOPLISTING silken robe (131 gold, have 30).
   666 | D:1      | Reached XP level 3. HP: 21/21 MP: 4/4
   836 | D:1      | 836 ||| UPGRADING to +0 leather armour.
   846 | D:1      | 846 ||| DROPPING +0 robe.
   847 | D:1      | 847 ||| READING scroll labelled QEIZUE VOTE.
   848 | D:1      | 848 ||| READING scroll labelled POCWEEDEGA.
   849 | D:1      | 849 ||| READING 2 scrolls labelled HENOEVVINAU.
   854 | D:1      | 854 ||| READING 2 scrolls labelled ISI MIMINY.
   855 | D:1      | 855 ||| READING scroll labelled DURIETEYSO.
   856 | D:1      | 856 ||| DROPPING scroll of poison.
   857 | D:1      | 857 ||| DROPPING scroll of amnesia.
   894 | D:2      | Noticed Terence
   904 | D:2      | Noticed Sigmund
   907 | D:2      | HP: 4/21 [Terence/+0 hand axe (4)]
   908 | D:2      | 908 ||| READING scroll of teleportation.
   910 | D:2      | Slain by Terence

Levels and vault maps discovered:
D:1:      dpeg_arrival_round_c, layout_loops_ring, serial_shops, shop
D:2:      layout_rooms, uniq_terence, uniq_robin, uniq_sigmund

Skill      XL: |  1  2  3 |
---------------+----------+-----
Ranged Weapons | 3 |  3.2
Fighting       | 2 |  2.0
Dodging        | |  1.5
Spellcasting   | |  1.0
Hexes          | |  2.6

Action                     || total
---------------------------++-------
   Fire: Sling             ||    83
    Use: Scroll            ||     6
 Armour: Robe              ||     7
         Leather armour    ||     4
  Dodge: Dodged            ||    29

Table legend:
 A = Non-vault XP
 B = Vault XP
 C = Vault XP percentage of total XP
 D = Non-vault monster count
 E = Vault monster count
 F = Vault count percentage of total count
                 A         B        C        D         E       F
            +---------+---------+-------+---------+---------+-------
      Total |      49 |       0 |   0.0 |      23 |       0 |   0.0
            +---------+---------+-------+---------+---------+-------
        D:1 |      47 |       0 |   0.0 |      22 |       0 |   0.0
        D:2 |       2 |       0 |   0.0 |       1 |       0 |   0.0
            +---------+---------+-------+---------+---------+-------
